 Dungeon Crawl Stone Soup version 0.22-a0-136-g83a10e5 (webtiles) character file.

2576 Lathuz the Destroyer (level 9, -2/45 HPs)
             Began as a Deep Elf Fire Elementalist on Feb 3, 2018.
             Was an Initiate of Vehumet.
             Slain by a killer bee (8 damage)
             ... on level 6 of the Dungeon.
             The game lasted 00:22:11 (7705 turns).

Lathuz the Destroyer (Deep Elf Fire Elementalist)   Turns: 7705, Time: 00:22:13

Health: -2/45      AC:  3    Str:  5    XL:     9   Next: 32%
Magic:  4/23       EV: 13    Int: 24    God:    Vehumet [......]
Gold:   43         SH:  0    Dex: 15    Spells: 10/25 levels left

rFire    . . .     SeeInvis .   k - +3 short sword (venom)
rCold    . . .     Gourm    .   (no shield)
rNeg     + . .     Faith    .   a - +0 robe
rPois    +         Spirit   .   (no helmet)
rElec    .         Reflect  .   (no cloak)
rCorr    .         Harm     .   (no gloves)
MR       .....                  l - +0 pair of boots
Stlth    ++........             (no amulet)
HPRegen  0.15/turn              v - ring of positive energy
MPRegen  0.18/turn              C - ring of poison resistance

@: no status effects
A: no striking features
a: Renounce Religion


You were on level 6 of the Dungeon.
You worshipped Vehumet.
Vehumet was noncommittal.
You were not hungry.

You visited 2 branches of the dungeon, and saw 7 of its levels.

You collected 268 gold pieces.
You spent 225 gold pieces at shops.

Inventory:

Hand Weapons
 k - a +3 short sword of venom (weapon)
 t - a +0 blowgun
Missiles
 e - 241 stones (quivered)
 o - 59 poisoned needles
Armour
 a - a +0 robe (worn)
 l - a +0 pair of boots (worn)
 x - a +0 buckler
Magical Staves
 D - an uncursed staff of air
Jewellery
 i - a +4 ring of strength
 v - a ring of positive energy (left hand)
 w - an uncursed ring of stealth
 y - an uncursed ring of stealth
 C - a ring of poison resistance (right hand)
Wands
 u - a wand of enslavement (18)
 B - a wand of disintegration (15)
Scrolls
 d - 4 scrolls of remove curse {unknown}
 g - a scroll of enchant armour {unknown}
 h - 5 scrolls of teleportation
 j - 4 scrolls of identify
 n - 2 scrolls of magic mapping {unknown}
 p - 2 scrolls of amnesia {unknown}
 q - a scroll of noise {unknown}
 r - a scroll of fear {unknown}
 G - a scroll of fog {unknown}
Potions
 f - a potion of curing
 m - 2 potions of agility
 s - 2 potions of flight {unknown}
 z - a potion of ambrosia {unknown}
 A - 2 potions of lignification
 E - a potion of mutation
 H - a potion of berserk rage {unknown}
Books
 b - a book of Flames

   Spells                             Type                      Level
   a - Flame Tongue                   Conjuration/Fire             1
   b - Throw Flame                    Conjuration/Fire             2
   c - Conjure Flame                  Conjuration/Fire             3
   d - Inner Flame                    Hexes/Fire                   3
   e - Sticky Flame                   Conjuration/Fire             4
   f - Fireball                       Conjuration/Fire             5
 F - a book of Maledictions

   Spells                             Type                      Level
   a - Corona                         Hexes                        1
   b - Ensorcelled Hibernation        Hexes/Ice                    2
   c - Confuse                        Hexes                        3
   d - Tukima's Dance                 Hexes                        3
   e - Dazzling Spray                 Conjuration/Hexes            3
 I - a book of Alchemy

   Spells                             Type                      Level
   a - Sublimation of Blood           Necromancy                   2
   b - Ignite Poison                  Fire/Transmutation/Poison    3
   c - Petrify                        Transmutation/Earth          4
   d - Alistair's Intoxication        Transmutation/Poison         5
   e - Irradiate                      Conjuration/Transmutation    5
Comestibles
 c - 11 rations


   Skills:
 - Level 2.4 Dodging
 - Level 2.4 Stealth
 + Level 8.8 Spellcasting
 * Level 9.9 Conjurations
 + Level 7.7 Fire Magic


You had 10 spell levels left.
You knew the following spells:

 Your Spells              Type           Power        Failure   Level  Hunger
a - Flame Tongue          Conj/Fire      #####        1%          1    None
b - Throw Flame           Conj/Fire      ######       1%          2    None
c - Conjure Flame         Conj/Fire      ######..     1%          3    None
d - Sticky Flame          Conj/Fire      ######..     1%          4    ##.....
e - Fireball              Conj/Fire      ######....   4%          5    ####...


Dungeon Overview and Level Annotations

Branches:
Dungeon (6/15)             Temple (1/1) D:6

Altars:
Ashenzari
Dithmenos
Elyvilon
Fedhas
Gozag
Hepliaklqana
Kikubaaqudgha
Makhleb
Nemelex Xobeh
Okawaru
Qazlal
Ru
Sif Muna
Trog
Uskayaw
Vehumet
Wu Jian
Xom
Yredelemnul
Zin
The Shining One

Shops:
D:6 (%!*


Message History

The killer bee barely misses you. The killer bee closely misses you.
The killer bee stings you. The killer bee barely misses you.
The killer bee stings you but does no damage.
The killer bee stings you.
You are poisoned.
The killer bee poisons you! The killer bee stings you!
The killer bee closely misses you.
You feel sick. The killer bee stings you.
* * * LOW HITPOINT WARNING * * *
The killer bee barely misses you.
You feel better. The killer bee stings you!
* * * LOW HITPOINT WARNING * * *
The killer bee stings you but does no damage.
The killer bee stings you.
* * * LOW HITPOINT WARNING * * *
The killer bee stings you.
* * * LOW HITPOINT WARNING * * *
The killer bee stings you!
You die...

####..........#..†.....
#.......##.#†#########
#.......##.#..........
#.......##.#..########
##########.#..##
#.#...# #.#...########
#.#yy8........
#.##@.######## #.##..#
#.##.∩# #.##..# #.##..#
#....8# #.##..# #.#####
###


You could see 2 killer bees.

Vanquished Creatures
  Pikel (D:5)
  The ghost of Karim the Grave Robber, a novice OgNe (D:5)
  Grinder (D:4)
  Menkaure (D:5)
  The ghost of Yosebu the Slasher, an amateur NaBe of Trog (D:3)
  4 ogres
  A centaur (D:5)
  3 scorpions
  4 killer bees (D:6)
  A crimson imp (D:6)
  A jelly (D:6)
  A bullfrog skeleton (D:5)
  A hound (D:4)
  A centaur skeleton (D:6)
  Ijyb (D:5)
  4 iguanas
  A worker ant (D:6)
  5 orc wizards
  A worker ant zombie (D:5)
  7 gnolls
  2 adders
  A shadow imp (D:6)
  4 worms
  A leopard gecko (D:5)
  9 orcs
  4 giant cockroaches
  3 goblins
  7 hobgoblins
  6 jackals
  9 kobolds
  6 quokkas
  8 bats
  7 frilled lizards
  A leopard gecko zombie (D:5)
  2 quokka zombies
  15 rats
126 creatures vanquished.

Vanquished Creatures (others)
  A centaur (D:5)
  A quokka zombie (D:5)
2 creatures vanquished.

Grand Total: 128 creatures vanquished

Notes
Turn   | Place    | Note
-------+----------+-------------------------------------------
     0 | D:1      | Lathuz the Deep Elf Fire Elementalist began the quest for the Orb.
     0 | D:1      | Reached XP level 1. HP: 10/10 MP: 6/6
   362 | D:1      | Reached XP level 2. HP: 15/15 MP: 6/8
   383 | D:1      | Reached skill level 2 in Conjurations
   512 | D:1      | Learned a level 2 spell: Throw Flame
  1019 | D:1      | Reached XP level 3. HP: 19/19 MP: 2/9
  1463 | D:1      | Learned a level 3 spell: Conjure Flame
  1939 | D:2      | Found a glowing golden altar of the Shining One.
  1941 | D:2      | Found an ancient bone altar of Kikubaaqudgha.
  2109 | D:2      | Reached skill level 3 in Conjurations
  2114 | D:2      | Reached XP level 4. HP: 11/24 MP: 0/11
  2129 | D:2      | HP: 1/24 [poisoned by an adder]
  2574 | D:2      | Learned a level 4 spell: Sticky Flame
  2758 | D:3      | Noticed Yosebu's ghost (amateur NaBe)
  2766 | D:3      | Killed Yosebu's ghost
  2766 | D:3      | Reached skill level 4 in Conjurations
  2766 | D:3      | Reached XP level 5. HP: 28/28 MP: 3/13
  2892 | D:3      | Found a hide-covered altar of Uskayaw.
  3669 | D:3      | Found a hazy altar of Hepliaklqana.
  3672 | D:3      | Reached XP level 6. HP: 27/32 MP: 6/15
  3673 | D:3      | Found a shimmering altar of Xom.
  3673 | D:3      | Noticed an insubstantial wisp
  3735 | D:3      | Noticed a spectral ugly thing
  3735 | D:3      | Noticed an insubstantial wisp
  3863 | D:4      | Found a shattered altar of Ashenzari.
  4032 | D:4      | Noticed Grinder
  4088 | D:4      | Killed Grinder
  4088 | D:4      | Reached skill level 5 in Spellcasting
  4088 | D:4      | Reached skill level 5 in Conjurations
  4088 | D:4      | Reached skill level 5 in Fire Magic
  4182 | D:4      | Reached XP level 7. HP: 36/36 MP: 6/17
  4257 | D:4      | Learned a level 5 spell: Fireball
  4480 | D:4      | Reached skill level 6 in Conjurations
  4802 | D:4      | Found a shadowy altar of Dithmenos.
  4802 | D:4      | Found a blossoming altar of Fedhas.
  4878 | D:5      | Entered Level 5 of the Dungeon
  4880 | D:5      | Noticed Karim's ghost (novice OgNe)
  5089 | D:5      | Noticed Menkaure
  5092 | D:5      | Killed Menkaure
  5282 | D:5      | Noticed Pikel
  5296 | D:5      | Killed Pikel
  5296 | D:5      | Reached skill level 8 in Conjurations
  5296 | D:5      | Reached XP level 8. HP: 41/41 MP: 3/20
  5410 | D:5      | Noticed Ijyb
  5414 | D:5      | Killed Ijyb
  5680 | D:5      | Killed Karim's ghost
  6151 | D:5      | Found a deep blue altar of Sif Muna.
  6394 | D:6      | Reached skill level 9 in Conjurations
  6441 | D:6      | Found Quujoen's Distillery.
  6545 | D:6      | Bought a potion of lignification for 39 gold pieces
  6545 | D:6      | Bought a potion of agility for 52 gold pieces
  6545 | D:6      | Bought a potion of mutation for 104 gold pieces
  6553 | D:6      | Reached XP level 9. HP: 45/45 MP: 17/23
  6584 | D:6      | Found Sired's Food Emporium.
  6589 | D:6      | Found a staircase to the Ecumenical Temple.
  6604 | Temple   | Entered the Ecumenical Temple
  6715 | Temple   | Became a worshipper of Vehumet
  7067 | D:6      | Found Ikupp's Antique Weapon Shop.
  7677 | D:6      | Found Vydis's General Store.
  7681 | D:6      | Bought a scroll of teleportation for 30 gold pieces
  7705 | D:6      | Slain by a killer bee

Vault maps used:
D:1:      evilmike_arrival_fibonacci_small
D:2:      chequers_temple_overflow_statue_of_worship, due_unseen_surprise
D:3:      regret_index_temple_of_mockery, eat_drink_and_be_merry_uskayaw
D:4:      ashenzari_altar_1, amethyst_overflow_temple_binary, first_ration,
          uniq_grinder
D:5:      lemuel_crystal_altar, lemuel_statue_altar, uniq_ijyb, uniq_menkaure,
          uniq_pikel
D:6:      minmay_temple_entry_mist, serial_shops, nicolae_shop_statue_plus,
          nicolae_shop_crystal, nicolae_shop_crystal, shop_statue
Temple:   nicolae_temple_x_marks_the_god

Skill      XL: |  1  2  3  4  5  6  7  8 |
---------------+-------------------------+-----
Conjurations   | 2 3 4 5 8 9 |  9.9
Spellcasting   | 4 5 7 8 |  8.8
Fire Magic     | 4 5 6 7 |  7.7
Dodging        | |  2.4
Stealth        | |  2.4

Action                   |  1- 3 |  4- 6 |  7- 9 || total
-------------------------+-------+-------+-------++-------
Melee: Dagger            |     1 |       |       ||     1
       Short sword       |     2 |     9 |    10 ||    21
Throw: Stone             |    11 |       |       ||    11
 Cast: Flame Tongue      |    43 |    32 |    81 ||   156
       Throw Flame       |    28 |    28 |    40 ||    96
       Conjure Flame     |     1 |     4 |     3 ||     8
       Sticky Flame      |       |     5 |    14 ||    19
       Fireball          |       |       |     5 ||     5
  Use: Potion            |       |     3 |     1 ||     4
       Scroll            |       |       |     5 ||     5
 Stab: Sleeping          |     1 |     2 |       ||     3
  Eat: Chunk             |     3 |     6 |     9 ||    18
       Ration            |     1 |       |     1 ||     2
Armor: Robe              |     2 |     3 |     8 ||    13
Dodge: Dodged            |    14 |     8 |    35 ||    57

Table legend:
 A = Spawn XP
 B = Non-spawn XP
 C = Spawn XP percentage of total XP
 D = Spawn monster count
 E = Non-spawn monster count
 F = Spawn count percentage of total count
 G = Total turns spent on level
                    A         B        C        D         E        F      G
               +---------+---------+-------+---------+---------+-------+---------
         Total |       0 |    3681 |   0.0 |       0 |     126 |   0.0 |  7705
               +---------+---------+-------+---------+---------+-------+---------
           D:1 |       0 |      49 |   0.0 |       0 |      34 |   0.0 |  1582
           D:2 |       0 |      72 |   0.0 |       0 |      12 |   0.0 |  1026
           D:3 |       0 |     266 |   0.0 |       0 |      25 |   0.0 |  1205
           D:4 |       0 |     623 |   0.0 |       0 |      13 |   0.0 |  1197
           D:5 |       0 |    1561 |   0.0 |       0 |      12 |   0.0 |  1372
           D:6 |       0 |    1110 |   0.0 |       0 |      30 |   0.0 |  1081
               +---------+---------+-------+---------+---------+-------+---------
